 Dungeon Crawl Stone Soup version 0.26.0-3-g156281e41b (webtiles) character file.

Game seed: 14130090313283111387

1103 Destapler the Grave Robber (level 8, 0/68 HPs)
             Began as a Deep Dwarf Necromancer on Jan 9, 2021.
             Slain by a white imp (1 damage)
             ... on level 4 of the Dungeon.
             The game lasted 00:35:40 (6997 turns).

Destapler the Grave Robber (Deep Dwarf Necromancer) Turns: 6997, Time: 00:35:40

Health: 0/68       AC: 12    Str: 12    XL:     8   Next: 11%
Magic:  8/11       EV: 11    Int: 20    God:
Gold:   271        SH:  0    Dex:  9    Spells: 4/12 levels left

rFire    . . .     SeeInvis .   c - -1 dagger (curse)
rCold    . . .     Faith    .   (no shield)
rNeg     . . .     Spirit   .   i - +1 ring mail of Dim Light {rCorr Int+2 Dex-4}
rPois    .         Reflect  .   (no helmet)
rElec    .         Harm     .   (no cloak)
rCorr    +         Rampage  .   k - +1 pair of gloves
Will     +....                  (no boots)
Stlth    ++........             (no amulet)
HPRegen  0.00/turn              h - +4 ring of protection
MPRegen  0.12/turn              (no ring)

@: non-regenerating
A: damage resistance, heal wounds, sense surroundings 1, no regeneration
a: Heal Wounds


You were on level 4 of the Dungeon.
You visited 1 branch of the dungeon, and saw 5 of its levels.

You collected 271 gold pieces.

Inventory:

Hand Weapons
 a - a +0 hand axe
 c - a cursed -1 dagger (weapon)
 p - the +1 falchion "Udaenegi" {vorpal, rC+ SInv, unknown}
   (You found it on level 5 of the Dungeon)

   It inflicts extra damage upon your enemies.
   It protects you from cold.
   It lets you see invisible.
Missiles
 m - 19 poisoned darts
 r - 3 silver boomerangs
Armour
 i - the +1 ring mail of Dim Light (worn) {rCorr Int+2 Dex-4}
   (You found it on level 5 of the Dungeon)

   It affects your intelligence (+2).
   It affects your dexterity (-4).
   It provides partial protection from all sources of acid and corrosion.
 k - a +1 pair of gloves (worn)
Jewellery
 h - a +4 ring of protection (left hand)
Wands
 d - a wand of digging (1)
Scrolls
 b - 2 scrolls of identify
 j - 2 scrolls of teleportation
 l - 3 scrolls of enchant armour
Potions
 e - a potion of curing
 f - a potion of heal wounds
 g - a potion of mutation {unknown}
 n - a potion of degeneration {unknown}
 o - 2 potions of might {unknown}
 q - 3 potions of flight
 u - a potion of lignification {unknown}


   Skills:
 + Level 2.4 Fighting
 + Level 3.3 Axes
 + Level 2.4 Throwing
 + Level 2.9 Armour
 - Level 4.0 Dodging
 + Level 4.5 Stealth
 + Level 2.9 Spellcasting
 - Level 7.0 Necromancy
 + Level 1.1 Evocations


You had 4 spell levels left.
You knew the following spells:

 Your Spells              Type           Power        Failure   Level
a - Pain                  Necr           100%         1%          1
b - Vampiric Draining     Necr           15%          5%          3
c - Animate Dead          Necr           15%          19%         4

Your spell library contained the following spells:

 Spells                   Type           Power        Failure   Level
 Animate Skeleton         Necr           60%          1%          1
 Agony                    Necr           30%          45%         5


Dungeon Overview and Level Annotations

Branches:
Dungeon (5/15)
 Temple: D:4-7

Altars:
Gozag
Nemelex Xobeh
Vehumet
Wu Jian
Zin

Annotations:
D:4 exclusion: statue


Innate Abilities, Weirdness & Mutations

You are resistant to damage.
You can heal yourself by infusing magical energy.
You passively map a small area around you.
You do not regenerate.


Message History

The white imp misses you.
You hit the white imp but do no damage.
The white imp is heavily wounded.
The white imp hits you but does no damage.
You hit the white imp but do no damage.
The white imp is heavily wounded.
The white imp hits you but does no damage.
You barely miss the white imp.
The white imp is moderately wounded.
The white imp barely misses you.
You hit the white imp but do no damage.
The white imp is moderately wounded.
The white imp hits you but does no damage.
You hit the white imp.
The white imp is heavily wounded.
The white imp hits you but does no damage.
You closely miss the white imp.
The white imp is heavily wounded.
The white imp hits you.
You die...

...).............................
..###..#####..##....#......###.##
.........###..#...#...##.### #.##
......##...........#.##..#####...
..##(###..##..#.(..#.##........#.
.......([[##..##.#.#.##.#.....##.
###..###..##..##.#.#.##.###.####.
# #.(..#.......5.....##.# #.# #.
###((#.#..##...)@...###.# #.####.
..(..#.#..###.......# #.# #...##.
..##(#.#..# ##..#...# #.# ###.##.
####.#<...###...#...# #.####...#.
#.#........#####.# #......#...
####.#....###...#...# ######...##
.....#.#..###...#..## ##.##
#####..##..........# #<#
####...######..##### #.#


You could see a white imp.

Vanquished Creatures
  An ice beast (D:5)
  6 big kobolds (D:4)
  An orc wizard (D:4)
  3 bullfrog skeletons
  An iguana (D:2)
  2 worker ants
  2 hound skeletons (D:4)
  4 gnolls (D:4)
  6 adders
  A white imp (D:5)
  An ooze (D:4)
  5 worms
  4 dart slugs
  5 leopard geckos
  24 orcs
  2 ball pythons
  7 bats
  5 giant cockroaches
  10 goblins
  12 hobgoblins
  15 jackals
  46 kobolds
  4 quokkas
  8 frilled lizards
  10 rats
185 creatures vanquished.

Vanquished Creatures (collateral kills)
  A phantom (D:4)
1 creature vanquished.

Vanquished Creatures (others)
  An orc wizard (D:4)
  A plant (D:1)
2 creatures vanquished.

Grand Total: 188 creatures vanquished

Notes
Turn   | Place    | Note
-------+----------+-------------------------------------------
     0 | D:1      | Destapler the Deep Dwarf Necromancer began the quest for
                  | the Orb.
     0 | D:1      | Reached XP level 1. HP: 15/15 MP: 3/3
   146 | D:1      | Reached XP level 2. HP: 22/22 MP: 0/4
   267 | D:1      | Reached skill level 5 in Necromancy
   391 | D:1      | Reached XP level 3. HP: 22/28 MP: 2/5
   399 | D:1      | Learned a level 3 spell: Vampiric Draining
  1517 | D:2      | Reached XP level 4. HP: 29/36 MP: 0/6
  1697 | D:2      | Found a sparkling altar of Nemelex Xobeh.
  1860 | D:2      | Reached skill level 6 in Necromancy
  2148 | D:2      | Reached XP level 5. HP: 41/42 MP: 0/7
  2630 | D:3      | Found an ornate altar of the Wu Jian Council.
  3708 | D:4      | Reached XP level 6. HP: 37/49 MP: 4/8
  3723 | D:4      | Reached skill level 1 in Axes
  3864 | D:4      | Found a glowing silver altar of Zin.
  4120 | D:4      | Found a radiant altar of Vehumet.
  4259 | D:4      | Reached skill level 1 in Armour
  4351 | D:4      | Reached skill level 1 in Throwing
  4375 | D:4      | Reached skill level 1 in Fighting
  4375 | D:4      | Reached skill level 7 in Necromancy
  4433 | D:4      | Reached XP level 7. HP: 26/57 MP: 0/10
  5165 | D:4      | Found an opulent altar of Gozag.
  5711 | D:4      | Learned a level 4 spell: Animate Dead
  6454 | D:5      | Entered Level 5 of the Dungeon
  6459 | D:5      | Got a faintly humming ring mail
  6470 | D:5      | Identified the +1 ring mail of Dim Light {rCorr Int+2
                  | Dex-4} (You found it on level 5 of the Dungeon)
  6552 | D:5      | Got a slimy falchion
  6836 | D:5      | Reached XP level 8. HP: 46/68 MP: 5/12
  6946 | D:5      | Reached skill level 1 in Evocations
  6987 | D:4      | HP: 1/68 [white imp/puff of frost (4)]
  6997 | D:4      | Slain by a white imp

Illustrated notes

Levels and vault maps discovered:
D:1:      shiori_arrival_maze, layout_basic, serial_aquarium,
          aquarium_bridge_square [aquarium_subvault_bridge,
          aquarium_subvault_wall, aquarium_subvault_wall,
          aquarium_subvault_bridge], aquarium_window_corridor_1,
          aquarium_window_2, aquarium_view_4, aquarium_balcony_5b,
          amcnicky_mini_rare_corridor_liquid, serial_bayou_ford_a
D:2:      layout_rooms, nemelex_xobeh_ov_fountains_minmay,
          chequers_hall_statues_corner_a
D:3:      layout_loops_ring, nzn_wu_jian_contemplation, serial_aquarium,
          aquarium_bridge_island_small [aquarium_subvault_small_water,
          aquarium_subvault_bridge, aquarium_subvault_bridge,
          aquarium_subvault_wall, aquarium_subvault_wall],
          aquarium_window_corner, aquarium_window_fake, aquarium_window_fake,
          aquarium_view_4, minmay_box_of_dots
D:4:      minmay_goblin_kobold_castle, layout_loops_ring,
          pdpol_temple_overflow_zin_treasury_gozag_greed, vehumet_statue
D:5:      layout_basic, serial_shops, shop, uniq_blork_the_orc, uniq_menkaure

Skill      XL: |  1  2  3  4  5  6  7  8 |
---------------+-------------------------+-----
Necromancy     | 5 6 7 |  7.0
Dodging        | 3 4 |  4.0
Axes           | 1 3 |  3.3
Spellcasting   | 2 |  2.9
Armour         | 1 2 |  2.9
Throwing       | 1 2 |  2.4
Fighting       | 1 2 |  2.4
Stealth        | 3 4 |  4.5
Evocations     | 1 |  1.1

Action                   |  1- 3 |  4- 6 |  7- 9 || total
-------------------------+-------+-------+-------++-------
Melee: Club              |    61 |       |       ||    61
       Dagger            |    14 |   155 |   270 ||   439
       Hand axe          |       |   103 |    24 ||   127
 Cast: Pain              |    72 |    68 |    39 ||   179
       Vampiric Draining |     3 |    31 |    43 ||    77
       Animate Dead      |       |       |     1 ||     1
 Abil: Heal Wounds       |       |       |     3 ||     3
  Use: Scroll            |       |     7 |     3 ||    10
       Potion            |       |     1 |     1 ||     2
 Stab: Sleeping          |     1 |     1 |       ||     2
Armor: Robe              |    29 |    78 |       ||   107
       Leather armour    |       |    67 |    80 ||   147
       Ring mail         |       |       |    75 ||    75
Dodge: Dodged            |   112 |   277 |   196 ||   585
